 Dungeon Crawl Stone Soup version 0.20-a0-820-g557356e (webtiles) character file.

17542 pisechka the Severer (level 12, -1/165 HPs)
             Began as a Minotaur Berserker on Mar 4, 2017.
             Was an Elder of Trog.
             Slain by a blink frog (13 damage)
             ... on level 2 of the Lair of Beasts.
             The game lasted 00:42:21 (15630 turns).

pisechka the Severer (Minotaur Berserker)          Turns: 15630, Time: 00:42:22

Health: -1/165     AC: 19    Str: 31    XL:     12   Next: 19%
Magic:  11/11      EV: 14    Int:  2    God:    Trog [****..]
Gold:   481        SH:  0    Dex: 15    Spells: 11/11 levels left

rFire    . . .     SeeInvis .   G - +3 war axe
rCold    . . .     Gourm    +   g - +0 chain mail
rNeg     . . .     Faith    .   (no shield)
rPois    +         Spirit   .   (helmet restricted)
rElec    .         Reflect  .   p - +2 cloak
rCorr    .         Harm     .   B - +1 pair of gloves
MR       .....                  (no boots)
Stlth    ..........             a - amulet of the gourmand
Regen    0.4/turn               D - +4 ring of dexterity
MPRegen  0.2/turn               i - ring of poison resistance

@: berserking, very quick
A: retaliatory headbutt, horns 2, thin metallic scales 1, dopey 1, MP-powered
wands
a: Berserk, Trog's Hand, Brothers in Arms, Burn Spellbooks, Renounce Religion


You were on level 2 of the Lair of Beasts.
You worshipped Trog.
Trog was greatly pleased with you.
You were not hungry.

You visited 3 branches of the dungeon, and saw 13 of its levels.

You collected 721 gold pieces.
You spent 240 gold pieces at shops.

Inventory:

Hand Weapons
 G - a +3 war axe (weapon)
Armour
 g - a +0 chain mail (worn)
 p - a +2 cloak (worn)
 B - a +1 pair of gloves (worn)
Jewellery
 a - an amulet of the gourmand (around neck)
 i - a ring of poison resistance (left hand)
 D - a +4 ring of dexterity (right hand)
 I - an uncursed ring of protection from cold
Wands
 h - a wand of lightning (1/15)
 u - a wand of flame (46/48)
 v - a wand of lightning (12/15)
 y - a wand of confusion (27/48)
 C - a wand of digging (12/24)
Scrolls
 b - 2 scrolls of blinking
 k - a scroll of identify
 l - 7 scrolls of teleportation
 o - a scroll of fog
 q - 3 scrolls of recharging
 t - 2 scrolls of remove curse
 E - a scroll of fear
Potions
 d - 2 potions of agility
 f - 3 potions of curing
 j - a potion of brilliance
 n - a potion of flight
 s - a potion of ambrosia
 x - a potion of lignification
 z - 2 potions of might
 F - a potion of berserk rage
Books
 e - a book of Maledictions

   Spells                             Type                      Level
   a - Corona                         Hexes                        1
   b - Ensorcelled Hibernation        Hexes/Ice                    2
   c - Confuse                        Hexes                        3
   d - Tukima's Dance                 Hexes                        3
   e - Dazzling Spray                 Conjuration/Hexes            3
   Trog disapproves of the use of such an item.
 A - a book of Necromancy

   Spells                             Type                      Level
   a - Pain                           Necromancy                   1
   b - Animate Skeleton               Necromancy                   1
   c - Vampiric Draining              Necromancy                   3
   d - Regeneration                   Charms/Necromancy            3
   e - Animate Dead                   Necromancy                   4
   f - Control Undead                 Necromancy                   4
   Trog disapproves of the use of such an item.
Comestibles
 c - 4 bread rations
 m - 3 fruits
 r - 3 meat rations
 w - 7 royal jellies
 H - 3 chunks of flesh


   Skills:
 + Level 11.1 Fighting
 + Level 16.0 Axes
 + Level 10.9 Armour
 + Level 7.6 Dodging
 + Level 3.0 Stealth


You had 11 spell levels left.
You didn't know any spells.

Dungeon Overview and Level Annotations

Branches:
Dungeon (10/15)            Temple (1/1) D:5            Lair (2/6) D:10
 Shoals (0/4) Lair:2          Orc (0/2) D:9
  Snake: Lair:2-4    Spider: Lair:2-4

Altars:
Ashenzari
Cheibriados
Dithmenos
Elyvilon
Fedhas
Gozag
Hepliaklqana
Kikubaaqudgha
Makhleb
Nemelex Xobeh
Okawaru
Qazlal
Ru
Sif Muna
Trog
Uskayaw
Vehumet
Wu Jian
Xom
Yredelemnul
Zin
The Shining One

Shops:
D:6 *   D:9 }   D:10 *

Annotations:
Lair:1 exclusion: oklob plant


Innate Abilities, Weirdness & Mutations

You reflexively headbutt those who attack you in melee.
You have a pair of horns on your head.
You are partially covered in thin metallic scales. (AC +2)
You are dopey. (Int -2)
You expend magic power (3 MP) to strengthen your wands.


Message History

The blink frog hits you!
* * * LOW HITPOINT WARNING * * *
You miss the blink frog.
The blink frog is almost dead.
The blink frog blinks!
You start resting.
Eating one of 4 chunks of flesh.
You eat one of the 4 chunks of flesh.
This raw flesh tastes great.
A blink frog is nearby!
The blink frog blinks!
The blink frog blinks!
The blink frog blinks!
The blink frog blinks!
The blink frog blinks!
You closely miss the blink frog.
The blink frog is almost dead.
The blink frog hits you!
* * * LOW HITPOINT WARNING * * *
A red film seems to cover your vision as you go berserk!
You feel yourself moving faster!
You feel mighty! The blink frog hits you!
You die...

........... .
......... ..
....#.>.... ##.
.....<...# #..
(..#.... #..##
##†#..##.. #..#.
##........#
###....###P.|.......
##.#..#.F@.........#.
#....#....#######.#..
##[.P(###.## # #
..##....#.#
..#..)..### #.#.....#
#.##....# ##.#....#.#
#P..#....##


You could see a blink frog.

Vanquished Creatures
  Erolcha (D:9)
  A centaur warrior (D:10)
  2 two-headed ogres
  Urug (D:10)
  Pikel (D:9)
  Maurice (D:9)
  A black mamba (Lair:1)
  3 spiny frogs (Lair:1)
  A komodo dragon (Lair:1)
  2 trolls (D:10)
  Prince Ribbit (D:6)
  13 blink frogs
  4 hippogriffs
  Sigmund (D:3)
  A wraith (D:10)
  11 yaks
  A wyvern (D:9)
  3 hogs (D:7)
  A human (D:7)
  A hungry ghost (D:10)
  3 wargs (D:9)
  Menkaure (D:7)
  Duvessa (D:5)
  3 porcupines (Lair:1)
  4 water moccasins
  2 phantoms
  2 sky beasts (D:9)
  2 slaves (D:9)
  2 orc warriors
  2 black bears
  4 ogres
  3 centaurs
  2 crocodiles
  9 bullfrogs
  Dowan (D:5)
  A water moccasin zombie (D:5)
  3 scorpions
  3 killer bees (D:9)
  5 electric eels
  A crimson imp (D:7)
  A centaur zombie (D:3)
  9 orc wizards
  6 hounds
  12 orc priests
  3 bullfrog skeletons
  3 jellies
  A gnoll shaman (D:6)
  Jessica (D:3)
  2 iguanas
  3 worker ants
  A worker ant zombie (D:10)
  A howler monkey zombie (D:8)
  12 adders
  8 gnolls
  3 shadow imps
  3 oozes
  3 adder skeletons
  An adder zombie (D:8)
  3 worms
  4 leopard geckos
  38 orcs
  A ball python (D:2)
  5 bats
  9 giant cockroaches
  10 goblins
  9 hobgoblins
  3 jackals (D:3)
  5 quokkas
  2 frilled lizards (D:1)
  9 kobolds
  2 quokka skeletons
  2 quokka zombies
  4 rats
  A plant (Lair:2)
285 creatures vanquished.

Vanquished Creatures (collateral kills)
  2 hippogriffs (Lair:1)
2 creatures vanquished.

Vanquished Creatures (others)
  2 slaves (D:9)
2 creatures vanquished.

Grand Total: 289 creatures vanquished

Notes
Turn   | Place    | Note
-------+----------+-------------------------------------------
     0 | D:1      | pisechka the Minotaur Berserker began the quest for the Orb.
     0 | D:1      | Reached XP level 1. HP: 19/19 MP: 0/0
   335 | D:1      | Reached XP level 2. HP: 26/27 MP: 1/1
   470 | D:1      | Reached skill level 4 in Axes
   915 | D:2      | Reached XP level 3. HP: 27/33 MP: 2/2
  1370 | D:2      | Found a bloodstained altar of Trog.
  1750 | D:2      | Found a glowing golden altar of the Shining One.
  1857 | D:2      | Reached skill level 5 in Axes
  1865 | D:2      | Reached ** piety under Trog
  1865 | D:2      | Reached XP level 4. HP: 32/41 MP: 3/3
  2210 | D:3      | Noticed Jessica
  2224 | D:3      | Killed Jessica
  2451 | D:3      | Noticed Sigmund
  2459 | D:3      | Killed Sigmund
  2459 | D:3      | Reached skill level 5 in Fighting
  2459 | D:3      | Reached skill level 6 in Axes
  2459 | D:3      | Reached skill level 1 in Stealth
  2459 | D:3      | Reached XP level 5. HP: 48/48 MP: 4/4
  2459 | D:3      | Reached XP level 6. HP: 56/56 MP: 5/5
  2531 | D:3      | Found a blossoming altar of Fedhas.
  2876 | D:3      | Found a deep blue altar of Sif Muna.
  3370 | D:4      | Found a snail-covered altar of Cheibriados.
  3586 | D:4      | Reached XP level 7. HP: 45/61 MP: 6/6
  3591 | D:4      | Reached skill level 7 in Axes
  4022 | D:4      | Found a shadowy altar of Dithmenos.
  4973 | D:5      | Entered Level 5 of the Dungeon
  5072 | D:5      | Noticed Duvessa
  5073 | D:5      | Noticed Dowan
  5083 | D:5      | Killed Duvessa
  5083 | D:5      | Reached skill level 8 in Axes
  5087 | D:5      | Killed Dowan
  5268 | D:5      | Found a staircase to the Ecumenical Temple.
  5328 | Temple   | Entered the Ecumenical Temple
  5712 | D:5      | Reached *** piety under Trog
  5712 | D:5      | Reached XP level 8. HP: 61/70 MP: 7/7
  5744 | D:5      | Reached skill level 5 in Armour
  5937 | D:5      | Reached skill level 9 in Axes
  6334 | D:6      | Noticed Prince Ribbit
  6352 | D:6      | Killed Prince Ribbit
  6441 | D:6      | Reached skill level 10 in Axes
  6762 | D:6      | Found a basalt altar of Yredelemnul.
  7291 | D:6      | Reached XP level 9. HP: 67/79 MP: 8/8
  7358 | D:6      | Found Waitt's Serpentskin Sales.
  7367 | D:6      | Reached **** piety under Trog
  7371 | D:6      | Bought an uncursed ring of poison resistance for 240 gold pieces
  7478 | D:6      | Found a sacrificial altar of Ru.
  7478 | D:6      | Found a deep blue altar of Sif Muna.
  7516 | D:7      | Found a white marble altar of Elyvilon.
  7521 | D:7      | Found a stormy altar of Qazlal.
  7602 | D:7      | Noticed Menkaure
  7610 | D:7      | Killed Menkaure
  7929 | D:7      | Found a hazy altar of Hepliaklqana.
  8020 | D:7      | Reached skill level 11 in Axes
  8028 | D:7      | Reached skill level 5 in Dodging
  8318 | D:8      | Found an iron altar of Okawaru.
  8596 | D:8      | Found a snail-covered altar of Cheibriados.
  8617 | D:8      | Noticed a two-headed ogre
  8624 | D:8      | Killed a two-headed ogre
  8624 | D:8      | Reached skill level 12 in Axes
  8670 | D:8      | Reached XP level 10. HP: 54/88 MP: 9/9
  8917 | D:8      | Found a shadowy altar of Dithmenos.
  8980 | D:8      | Found an ancient bone altar of Kikubaaqudgha.
  9869 | D:9      | Noticed Pikel
  9883 | D:9      | Killed Pikel
  9940 | D:9      | Reached ***** piety under Trog
 10475 | D:9      | Gained mutation: You are partially covered in thin metallic scales. (AC +2) [mutagenic meat]
 10477 | D:9      | Gained mutation: You are agile. (Dex +2) [mutagenic meat]
 10487 | D:9      | Gained mutation: You are dopey. (Int -2) [mutagenic meat]
 10488 | D:9      | Lost mutation: You are agile. (Dex +2) [mutagenic meat]
 10489 | D:9      | Gained mutation: You expend magic power (3 MP) to strengthen your wands. [mutagenic meat]
 10491 | D:9      | Found a staircase to the Orcish Mines.
 10518 | D:9      | Reached skill level 13 in Axes
 10559 | D:9      | Noticed Maurice
 10796 | D:9      | Found Gygrit's Gadget Shoppe.
 10818 | D:9      | Noticed Erolcha
 10818 | D:9      | Noticed a two-headed ogre
 10825 | D:9      | Killed a two-headed ogre
 10829 | D:9      | Killed Erolcha
 10909 | D:9      | Killed Maurice
 11109 | D:9      | Received a gift from Trog
 11168 | D:10     | Entered Level 10 of the Dungeon
 11247 | D:10     | Reached XP level 11. HP: 40/99 MP: 10/10
 11615 | D:10     | Reached skill level 14 in Axes
 11671 | D:10     | Noticed Urug
 11694 | D:10     | HP: 7/148 [Urug/wand of lightning (?/15) (15)]
 11695 | D:10     | Killed Urug
 12081 | D:10     | Reached skill level 10 in Fighting
 12253 | D:10     | Noticed a centaur warrior
 12340 | D:10     | Killed a centaur warrior
 12645 | D:10     | Reached skill level 10 in Armour
 12945 | D:10     | Found a staircase to the Lair.
 13112 | D:10     | Found Fuzyp's Assorted Antiques.
 13317 | Lair:1   | Entered Level 1 of the Lair of Beasts
 13648 | Lair:1   | Reached skill level 15 in Axes
 14682 | Lair:1   | Reached XP level 12. HP: 81/108 MP: 11/11
 15536 | Lair:2   | Found a staircase to the Shoals.
 15580 | Lair:2   | Reached skill level 16 in Axes
 15630 | Lair:2   | Slain by a blink frog

Vault maps used:
D:1:      ncdulo_smallfort
D:2:      cheibrodos_greedy_goblins, marbit_many_paths, lemuel_doored_altar,
          minivault_14
D:3:      nicolae_overflow_crystal_walls, tgw_sif, uniq_sigmund, uniq_jessica
D:4:      cheibriados_altar_1, lemuel_round_altar
D:5:      temple_fountains, first_bread, uniq_duvessa
D:6:      kennysheep_little_box, gammafunk_temple_overflow_wave,
          guppyfry_shop_venom, uniq_prince_ribbit1
D:7:      old_standard_altar, lemuel_round_altar, grunt_qazlal_clouds,
          grunt_livestock, minmay_misc_feat_enclosed, uniq_menkaure
D:8:      overflow_temple_1_default, kiku_gazebo_garden_becter, basic_altar,
          nicolae_dithmenos_the_darkroom
D:9:      minmay_orc_entry_guard_dogs, enter_bailey_2, serial_shops, shop,
          billiards_dpeg, uniq_erolcha, uniq_maurice, uniq_pikel
D:10:     lair_entry_dummy, serial_shops, shop, uniq_urug
Temple:   compressed_dpeg_triangle_lava_temple
Lair:1:   minmay_lair_oklob_chamber
Lair:2:   shoals_dummy_entry, dummy_spider_entry, minmay_lindwurm_lava

Skill      XL: |  1  2  3  4  5  6  7  8  9 10 11 12 |
---------------+-------------------------------------+-----
Axes           | 4 5 6 8 10 12 13 15 16 | 16.0
Fighting       | 4 5 6 7 8 9 10 11 | 11.1
Dodging        | 3 4 5 6 7 |  7.6
Stealth        | 1 2 3 |  3.0
Armour         | 3 4 6 8 9 10 | 10.9

Action                   |  1- 3 |  4- 6 |  7- 9 | 10-12 || total
-------------------------+-------+-------+-------+-------++-------
Melee: Hand axe          |    65 |    96 |   100 |       ||   261
       Headbutt          |     7 |    16 |    44 |    87 ||   154
       War axe           |       |       |   143 |   422 ||   565
Invok: Berserk           |       |     2 |     5 |     7 ||    14
       Brothers in Arms  |       |       |       |     2 ||     2
  Use: Scroll            |       |       |    21 |     5 ||    26
       Potion            |       |       |       |     1 ||     1
  Eat: Chunk             |     1 |     1 |    11 |    37 ||    50
       Bread ration      |     1 |       |     2 |       ||     3
       Fruit             |     1 |       |       |     1 ||     2
       Royal jelly       |       |     1 |     1 |       ||     2
       Meat ration       |       |       |     1 |       ||     1
Armor: Animal skin       |     9 |     7 |       |       ||    16
       Scale mail        |       |    22 |    90 |   136 ||   248
       Chain mail        |       |       |       |    17 ||    17
Dodge: Dodged            |    53 |    50 |   138 |   229 ||   470
